 Dungeon Crawl Stone Soup version 0.31-a0-1118-gbca3d03946 (webtiles) character file.

Game seed: 1372450976025687576

21 Crownlay the Cutter (level 2, 0/18 HPs)
             Began as a Vampire Chaos Knight on Dec 4, 2023.
             Was a Plaything of Xom.
             Slain by a human (8 damage)
             ... on level 1 of the Dungeon.
             The game lasted 00:01:42 (474 turns).

Crownlay the Cutter (Vampire Chaos Knight)           Turns: 474, Time: 00:01:43

Health: 0/18       AC:  5    Str: 11    XL:     2   Next: 62%
Magic:  2/2        EV: 11    Int: 14    God:    Xom [.*....]
Gold:   26         SH:  0    Dex: 13    Spells: 1/1 levels left

rFire   . . .        a - +0 short sword (chaos)
rCold   + + .        (no shield)
rNeg    + + +        b - +2 leather armour
rPois   ∞            (no helmet)
rElec   .            (no cloak)
rCorr   .            (no gloves)
SInv    +            (no boots)
Will    .....        (no amulet)
Stlth   ++++         (no ring)
HPRegen 0.00/turn    (no ring)
MPRegen 0.08/turn

%: no passive effects
@: bloodless, inhibited regen
A: bloodless, fangs 3, see invisible, vampiric 1
a: Revivify, Renounce Religion


You were on level 1 of the Dungeon.
You worshipped Xom.
You were a plaything of Xom.
You visited 1 branch of the dungeon, and saw 1 of its levels.

You collected 26 gold pieces.

Inventory:

Hand Weapons
 a - a +0 short sword of chaos (weapon)
Armour
 b - a +2 leather armour (worn)
Scrolls
 c - a scroll of butterflies
Potions
 d - a potion of haste {unknown}
 e - a potion of curing {unknown}


   Skills:
 - Level 2.6 Fighting
 + Level 3.7 Short Blades
 - Level 0.7 Armour
 - Level 2.1 Dodging
 * Level 3.1 Stealth


You had one spell level left.
You didn't know any spells.
Your spell library was empty.

Dungeon Overview and Level Annotations

Branches:
Dungeon (1/15)

Altars:


Innate Abilities, Weirdness & Mutations

You do not regenerate when monsters are visible.
You are frail without blood (-20% HP).
You can heal yourself when you bite living creatures.
You are immune to poison.
You have razor-sharp teeth.
You have supernaturally acute eyesight. (SInv)
You are afflicted with vampirism.


Message History

You are too injured to fight recklessly!
You are too injured to fight recklessly!
You are too injured to fight recklessly!
You are too injured to fight recklessly!
You are too injured to fight recklessly!
You are too injured to fight recklessly!
You are too injured to fight recklessly!
You are too injured to fight recklessly!
You are too injured to fight recklessly!
You hit the gnoll but do no damage.
The gnoll is lightly wounded.
The gnoll closely misses you.
You hit the gnoll but do no damage. You drain the gnoll.
The gnoll is moderately wounded.
The gnoll hits you but does no damage.
You hit the gnoll but do no damage.
The gnoll is moderately wounded.
The gnoll barely misses you.
You hit the gnoll.
The gnoll is poisoned.
The gnoll is severely wounded.
You hit the gnoll but do no damage.
The gnoll is severely wounded.
The gnoll closely misses you.
You hit the gnoll. Lightning courses through the gnoll!
You kill the gnoll!
Your Stealth skill increases to level 3!
You hit the hobgoblin.
You kill the hobgoblin!
You hear Xom's avuncular chuckle.
The hobgoblin evaporates and reforms as a human!
An endoplasm comes into view.
The human hits you but does no damage.
Items here: ( )) †.
The endoplasm quivers.
You hit the human.
The human suddenly seems more agile.
Your bite misses the human.
The human is lightly wounded.
The human hits you!
You die...
Xom is highly amused!

#...♣.........
#♣........#∩#.
#♣.......#.#
##.....## ##∩####
#.## # #..##
.#.##
##..#######..J...
##.##...@p......
#....####...###
#.#### .## #.# #
#.# #.# ..# ...
###


You could see a human (agile) and an endoplasm.

Vanquished Creatures
  A gnoll (D:1)
  An endoplasm (D:1)
  2 goblins (D:1)
  A hobgoblin (D:1)
  A quokka (D:1)
  A bat (D:1)
  2 frilled lizards (D:1)
  A kobold (D:1)
  2 rats (D:1)
12 creatures vanquished.

Notes
Turn   | Place    | Note
-------+----------+-------------------------------------------
     0 | D:1      | Crownlay the Vampire Chaos Knight began the quest for the
                  | Orb.
     0 | D:1      | Reached XP level 1. HP: 17/17 MP: 1/1
    46 | D:1      | XOM: potion effect (brilliance)
    61 | D:1      | Reached skill level 1 in Stealth
   291 | D:1      | Reached XP level 2. HP: 18/18 MP: 2/2
   472 | D:1      | a hobgoblin changed into a human
   472 | D:1      | Noticed a human
   472 | D:1      | XOM: polymorph hobgoblin -> human
   474 | D:1      | Slain by a human

Illustrated notes

Levels and vault maps discovered:
D:1:      nzn_arrival_settlement, layout_loops_ring, minmay_close_crescents

Skill      XL: |  1  2 |
---------------+-------+-----
Stealth        | 2 3 |  3.1
Fighting       | |  2.6
Short Blades   | |  3.7
Armour         | |  0.7
Dodging        | |  2.1

Action                     || total
---------------------------++-------
  Melee: Short sword       ||    42
         Bite              ||     3
Ability: Exsanguinate      ||     1
   Stab: Sleeping          ||     4
 Armour: Leather armour    ||    16
  Dodge: Dodged            ||    12

Table legend: (Time is in decaauts)
 A = Elapsed time spent in this place.
 B = Non-inter-level travel time spent in this place.
 C = Inter-level travel time spent in this place.
 D = Time resting spent in this place.
 E = Time spent auto-exploring this place.
 F = Levels seen in this place.
 G = Mean time per level.
                   A        B        C        D        E       F      G
               +--------+--------+--------+--------+--------+-----+--------+
         Total |    467 |    467 |      0 |      0 |    365 |   1 |  467.0 |
       Dungeon |    467 |    467 |      0 |      0 |    365 |   1 |  467.0 |
               +--------+--------+--------+--------+--------+-----+--------+

Top non-repeatable levels by time:
     D:1: 467 daAuts
